 Dungeon Crawl Stone Soup version 0.24.1-14-gf8d2b509d9 (webtiles) character file.

Game seed: 8419849511963180586, levelgen mode: deterministic

35305 KlarStein the Carver (level 13, -3/105 HPs)
             Began as a Demonspawn Fighter on July 11, 2020.
             Was an Elder of Makhleb.
             Engulfed by a swamp dragon's poison gas (5 damage)
             ... on level 6 of the Lair of Beasts on July 12, 2020.
             The game lasted 02:30:20 (20213 turns).

KlarStein the Carver (Demonspawn Fighter)          Turns: 20213, Time: 02:30:20

Health: -3/105     AC: 13    Str: 20    XL:     13   Next: 46%
Magic:  17/17      EV: 13    Int: 11    God:    Makhleb [****..]
Gold:   1170       SH: 17    Dex: 13    Spells: 12/12 levels left

rFire    . . .     SeeInvis .   a - +1 long sword
rCold    + + +     Gourm    .   c - +0 shield
rNeg     + . .     Faith    .   q - +0 ice dragon scales
rPois    .         Spirit   .   (helmet restricted)
rElec    .         Reflect  +   (no cloak)
rCorr    .         Harm     .   (no gloves)
MR       .....                  (no boots)
Stlth    +.........             L - +5 amulet of reflection
HPRegen  0.27/turn              r - ring of protection from fire
MPRegen  0.15/turn              l - ring of positive energy

@: lethally poisoned (-3 -> -71), very slightly contaminated, invisible, very
slow
A: horns 1, cold resistance 1, spiny 1, freezing cloud immunity, sturdy frame 2
a: Minor Destruction, Lesser Servant of Makhleb, Major Destruction, Renounce
Religion


You were on level 6 of the Lair of Beasts.
You worshipped Makhleb.
Makhleb was greatly pleased with you.
You were not hungry.

You visited 3 branches of the dungeon, and saw 15 of its levels.

You collected 1170 gold pieces.

Inventory:

Hand Weapons
 a - a +1 long sword (weapon)
 e - a +3 dagger
 x - a +4 hand axe
 z - a +0 arbalest
Missiles
 O - 4 silver javelins (quivered)
Armour
 c - a +0 shield (worn)
 n - +0 acid dragon scales
 q - +0 ice dragon scales (worn)
 s - a +1 plate armour
Magical Staves
 j - an uncursed staff of power {unknown}
Jewellery
 l - a ring of positive energy (right hand)
 r - a ring of protection from fire (left hand)
 A - an uncursed amulet of the gourmand
 F - a +2 ring of dexterity
 I - an uncursed ring of stealth
 L - a +5 amulet of reflection (around neck)
Wands
 p - a wand of digging (8)
 v - a wand of paralysis (20)
 K - a wand of polymorph (12)
 N - a wand of clouds (3)
Scrolls
 d - a scroll of brand weapon {unknown}
 i - 16 scrolls of remove curse
 w - 4 scrolls of magic mapping
 y - a scroll of amnesia
 C - 2 scrolls of enchant armour
 D - a scroll of enchant weapon
Potions
 b - a potion of cancellation
 g - a potion of haste
 h - 2 potions of magic
 k - 5 potions of curing
 m - 2 potions of ambrosia
 t - 4 potions of flight
 B - a potion of brilliance
 P - a potion of agility {unknown}
Comestibles
 f - 35 rations


   Skills:
 + Level 10.8 Fighting
 * Level 11.9 Long Blades
 + Level 10.1 Armour
 + Level 5.3 Dodging
 + Level 10.1 Shields
 - Level 6.0 Invocations


You had 12 spell levels left.
You didn't know any spells.
Your spell library contained the following spells:

 Spells                   Type           Power        Failure   Level  Hunger
 Animate Skeleton         Necr           N/A          71%         1    ##.....
 Apportation              Tloc           #.....       71%         1    ##.....
 Beastly Appendage        Tmut           #.....       71%         1    ##.....
 Confusing Touch          Hex            #.....       71%         1    ##.....
 Freeze                   Ice            #...         71%         1    ##.....
 Magic Dart               Conj           #...         71%         1    ##.....
 Sandblast                Erth           #.....       71%         1    ##.....
 Summon Small Mammal      Summ           #...         71%         1    ##.....
 Passwall                 Tmut/Erth      #.......     83%         2    ###....
 Poisonous Vapours        Pois/Air       #.....       83%         2    ###....
 Searing Ray              Conj           #.....       83%         2    ###....
 Sticks to Snakes         Tmut           #.......     83%         2    ###....
 Throw Flame              Conj/Fire      #.....       83%         2    ###....
 Throw Frost              Conj/Ice       #.....       83%         2    ###....
 Conjure Flame            Conj/Fire      #.......     97%         3    ####...
 Dazzling Spray           Conj/Hex       #.....       97%         3    ####...
 Ignite Poison            Fire/Tmut/Pois #.......     97%         3    ####...
 Mephitic Cloud           Conj/Pois/Air  #.......     97%         3    ####...
 Ozocubu's Armour         Chrm/Ice       #.......     97%         3    ####...
 Spider Form              Tmut/Pois      #.........   97%         3    ####...
 Stone Arrow              Conj/Erth      #.....       97%         3    ####...
 Force Lance              Conj/Tloc      #.......     100%        4    #####..
 Fulminant Prism          Conj/Hex       #.........   100%        4    #####..
 Ice Form                 Ice/Tmut       #.......     100%        4    #####..
 Iskenderun's Mystic Bla  Conj           #.......     100%        4    #####..
 Petrify                  Tmut/Erth      #.......     100%        4    #####..
 Summon Ice Beast         Ice/Summ       #.......     100%        4    #####..
 Throw Icicle             Conj/Ice       #.......     100%        4    #####..
 Blade Hands              Tmut           #.........   100%        5    ######.
 Bolt of Magma            Conj/Fire/Erth #.........   100%        5    ######.
 Lee's Rapid Deconstruct  Erth           #.........   100%        5    ######.
 Summon Mana Viper        Hex/Summ       #.......     100%        5    ######.
 Yara's Violent Unravell  Hex/Tmut       #.........   100%        5    ######.
 Freezing Cloud           Conj/Ice/Air   #.........   100%        6    #######
 Ring of Flames           Chrm/Fire      #.........   100%        7    #######


Dungeon Overview and Level Annotations

Branches:
Dungeon (8/15)             Temple (1/1) D:7            Lair (6/6) D:8
  Snake (0/4) Lair:4        Slime (0/5) Lair:5
  Swamp: Lair:2-4    Shoals: Lair:2-4

Altars:
Cheibriados
Dithmenos
Elyvilon
Fedhas
Gozag
Hepliaklqana
Kikubaaqudgha
Makhleb
Nemelex Xobeh
Okawaru
Qazlal
Ru
Uskayaw
Vehumet
Xom
Yredelemnul
Zin
Jiyva

Annotations:
Lair:5 1 runed translucent door


Innate Abilities, Weirdness & Mutations

You have a pair of small horns on your head.
Your flesh is cold resistant. (rC+)
You are partially covered in sharp spines.
You are immune to freezing clouds.
Your movements are less encumbered by armour. (ER -4)


Message History

You are more poisoned.
You feel very sick.
You feel very sick.
You feel sick.
You enter the shallow water.
Moving in this stuff is going to be slow. ...and don't expect to remain undetected.
* * * LOW HITPOINT WARNING * * *
You feel very sick.
The swamp dragon breathes poison at you.
The blast of poison engulfs you.
You are lethally poisoned!
* * * LOW HITPOINT WARNING * * *
You hear a deafening roar!
You are engulfed in poison gas.
You are more poisoned.
* * * LOW HITPOINT WARNING * * *
x2 You feel extremely sick.
You are engulfed in poison gas.
You are more poisoned.
You die...

#.......(...........
##..........P.......
##......#............
#...................#
########.............
♣P..#.......P..
♣♣♣♣♣♣♣♣♣♣≈..#.P.....#..
♣♣♣♣P♣.♣°°♣♣.≈.............
♣♣°....°°D°@≈≈P.............
♣♣♣.°.♣♣(.°○♣°..P.............
♣♣..♣.○♣.4≈♣♣♣♣♣♣........P.....
♣♣..°○P..≈♣♣..♣♣♣♣#....P........
♣..♣≈..≈≈♣♣♣.....♣#.............
♣♣..≈≈...≈♣.♣♣♣..♣
##............
♣.P≈≈♣♣♣..≈....♣.♣ ##......÷.≈≈.
..≈≈♣♣ ♣♣.≈≈♣..♣♣♣ #####....≈≈≈
.≈.♣♣ ♣♣P≈≈≈≈.(♣♣ ##.....P≈P


You could see a swamp dragon and a friendly orange demon.

Vanquished Creatures
  3 hydras
  An ice dragon (Lair:6)
  4 death yaks (Lair:4)
  2 lindwurms (Lair:6)
  Pikel (D:4)
  A manticore (D:8)
  3 elephants (Lair:4)
  6 black mambas
  11 spiny frogs
  5 torpor snails (Lair:6)
  7 komodo dragons
  3 rime drakes
  A troll (D:8)
  2 polar bears (Lair:5)
  3 tyrant leeches (Lair:6)
  5 hippogriffs
  6 hornets (Lair:6)
  8 blink frogs
  3 basilisks
  18 yaks
  A hungry ghost (D:7)
  A steam dragon (Lair:2)
  A steam dragon (shapeshifter) (D:8)
  6 nagas (Lair:4)
  4 swamp worms (Lair:2)
  2 acid dragons (Lair:6)
  10 water moccasins
  4 porcupines
  4 orc warriors
  A sky beast (D:8)
  3 swamp drakes (Lair:6)
  A slave (D:3)
  A black bear (D:8)
  A phantom (D:6)
  7 ogres
  9 wolves
  3 centaurs (D:8)
  15 crocodiles
  A big kobold (D:7)
  18 bullfrogs
  A gnoll sergeant (D:8)
  3 scorpions
  5 wights
  2 howler monkeys (D:4)
  2 electric eels (Lair:6)
  5 crimson imps
  2 bullfrog zombies (D:8)
  A jelly (D:6)
  2 centaur zombies
  7 orc wizards
  2 centaur skeletons
  3 orc priests
  3 hounds
  A bullfrog skeleton (D:5)
  Ijyb (D:4)
  4 hell rats (Lair:3)
  4 iguanas
  7 worker ants
  A worker ant zombie (D:5)
  Robin (D:4)
  13 adders
  6 river rats (Lair:3)
  5 shadow imps
  12 white imps (Lair:6)
  An ooze (D:3)
  An adder zombie (D:5)
  4 adder skeletons
  6 worms
  2 dart slugs
  5 leopard geckos
  33 orcs
  3 giant cockroaches
  6 hobgoblins
  8 jackals
  19 kobolds
  4 quokkas
  4 ball pythons
  6 bats
  3 frilled lizards
  13 goblins
  A jackal skeleton (D:6)
  A leopard gecko skeleton (D:6)
  A quokka zombie (D:5)
  14 rats
  2 fungi (Lair:6)
  3 plants (Lair:6)
419 creatures vanquished.

Vanquished Creatures (collateral kills)
  A naga (Lair:4)
  A plant (Lair:6)
2 creatures vanquished.

Vanquished Creatures (others)
  An unseen horror (D:8)
  7 fungi
  11 plants
19 creatures vanquished.

Grand Total: 440 creatures vanquished

Notes
Turn   | Place    | Note
-------+----------+-------------------------------------------
     0 | D:1      | KlarStein the Demonspawn Fighter began the quest for the
                  | Orb.
     0 | D:1      | Reached XP level 1. HP: 18/18 MP: 1/1
   111 | D:1      | Reached skill level 2 in Long Blades
   172 | D:1      | Gained mutation: You are partially covered in sharp spines.
                  | [demonic ancestry]
   172 | D:1      | Reached XP level 2. HP: 20/24 MP: 2/2
   691 | D:1      | Gained mutation: Your movements are slightly less
                  | encumbered by armour. (ER -2) [demonic ancestry]
   691 | D:1      | Reached XP level 3. HP: 29/29 MP: 3/3
  1281 | D:2      | Found a glowing silver altar of Zin.
  2132 | D:3      | Noticed an ogre
  2137 | D:4      | Gained mutation: Your movements are less encumbered by
                  | armour. (ER -4) [demonic ancestry]
  2137 | D:4      | Reached XP level 4. HP: 33/35 MP: 4/4
  2138 | D:4      | Reached skill level 3 in Long Blades
  2198 | D:4      | Identified the +1 leather armour of the Forgotten Nights
                  | {Dex+4}
  2624 | D:4      | Noticed a slave
  2624 | D:4      | Noticed a slave
  2629 | D:4      | Noticed Pikel
  2663 | D:3      | Killed a slave
  3133 | D:3      | Reached XP level 5. HP: 41/41 MP: 5/5
  3204 | D:3      | Killed an ogre
  3204 | D:3      | Reached XP level 6. HP: 46/48 MP: 6/6
  3435 | D:4      | Reached skill level 4 in Long Blades
  3455 | D:4      | Noticed a slave
  3459 | D:4      | Killed Pikel
  3459 | D:4      | Reached skill level 5 in Long Blades
  3459 | D:4      | Gained mutation: Your flesh is cold resistant. (rC+)
                  | [demonic ancestry]
  3459 | D:4      | Reached XP level 7. HP: 46/55 MP: 7/7
  3512 | D:4      | Noticed Robin
  3537 | D:4      | Killed Robin
  3647 | D:4      | Noticed Ijyb
  3651 | D:4      | Found a hide-covered altar of Uskayaw.
  3660 | D:4      | Killed Ijyb
  4081 | D:5      | Entered Level 5 of the Dungeon
  4157 | D:5      | Reached skill level 5 in Fighting
  4157 | D:5      | Reached XP level 8. HP: 62/62 MP: 8/8
  4418 | D:5      | Reached skill level 6 in Long Blades
  4571 | D:5      | Reached skill level 5 in Armour
  4619 | D:5      | Reached skill level 5 in Shields
  4970 | D:6      | Found a sparkling altar of Nemelex Xobeh.
  5337 | D:6      | Found a hazy altar of Hepliaklqana.
  5338 | D:6      | Found a shimmering altar of Xom.
  5338 | D:6      | Noticed a hell beast
  5339 | D:6      | Noticed a spectral ugly thing
  5339 | D:6      | Noticed a hell beast
  5563 | D:6      | Reached skill level 7 in Long Blades
  5586 | D:6      | Gained mutation: You have a pair of small horns on your
                  | head. [demonic ancestry]
  5586 | D:6      | Reached XP level 9. HP: 60/69 MP: 9/9
  6446 | D:7      | Found a stormy altar of Qazlal.
  6605 | D:7      | Found a staircase to the Ecumenical Temple.
  6611 | Temple   | Entered the Ecumenical Temple
  6677 | Temple   | Became a worshipper of Makhleb the Destroyer
  6785 | D:7      | Reached skill level 1 in Invocations
  7143 | D:8      | Found a staircase to the Lair.
  7150 | D:8      | Reached skill level 8 in Long Blades
  7326 | D:8      | Reached XP level 10. HP: 34/79 MP: 11/11
  7760 | D:8      | Found a shimmering altar of Xom.
  7761 | D:8      | Identified the cursed +0 leather armour "Ruoqual" {Slay+2}
  7776 | D:8      | Reached * piety under Makhleb
  8029 | D:8      | Noticed a manticore
  8035 | D:8      | Killed a manticore
  8091 | D:8      | Killed an unseen horror
  8426 | D:8      | Found a shadowy altar of Dithmenos.
  8711 | D:8      | Reached ** piety under Makhleb
  9113 | Lair:1   | Entered Level 1 of the Lair of Beasts
  9228 | Lair:1   | Noticed a spiny frog
  9251 | Lair:1   | Killed a spiny frog
  9251 | Lair:1   | Reached skill level 9 in Long Blades
 10077 | Lair:1   | Reached XP level 11. HP: 87/87 MP: 14/14
 10981 | Lair:1   | Reached skill level 5 in Invocations
 12120 | Lair:2   | Noticed a seven-headed hydra
 12122 | Lair:2   | Noticed an eight-headed hydra
 12146 | Lair:2   | Noticed a fire dragon
 12146 | Lair:2   | a seven-headed hydra changed into a fire dragon
 12158 | Lair:3   | Found a radiant altar of Vehumet.
 12176 | Lair:3   | Reached skill level 1 in Dodging
 12555 | Lair:3   | Found a gate leading to a gauntlet.
 13013 | Lair:3   | Noticed a five-headed hydra
 13988 | Lair:4   | Reached skill level 10 in Long Blades
 14187 | Lair:4   | Reached *** piety under Makhleb
 14400 | Lair:4   | Gained mutation: You are immune to freezing clouds.
                  | [demonic ancestry]
 14400 | Lair:4   | Reached XP level 12. HP: 79/96 MP: 16/16
 15331 | Lair:4   | Found a staircase to the Snake Pit.
 15364 | Lair:4   | Noticed a death yak
 15364 | Lair:4   | Noticed a death yak
 15380 | Lair:4   | Noticed a death yak
 15383 | Lair:4   | Noticed a death yak
 15389 | Lair:4   | Killed a death yak
 15403 | Lair:4   | Killed a death yak
 15404 | Lair:4   | Killed a death yak
 15412 | Lair:4   | Killed a death yak
 15855 | Lair:5   | Reached skill level 10 in Fighting
 16084 | Lair:5   | Noticed a four-headed hydra
 16300 | Lair:5   | Found a runed translucent door.
 16300 | Lair:5   | Found a viscous altar of Jiyva.
 16303 | Lair:5   | Noticed an acid blob
 16304 | Lair:5   | Found a staircase to the Slime Pits.
 16304 | Lair:5   | Noticed an acid blob
 16621 | Lair:5   | Killed a four-headed hydra
 16828 | Lair:5   | Reached skill level 11 in Long Blades
 16880 | Lair:5   | Noticed an acid blob
 17153 | Lair:6   | Entered Level 6 of the Lair of Beasts
 17338 | Lair:5   | Reached **** piety under Makhleb
 17365 | Lair:6   | Noticed a five-headed hydra
 17367 | Lair:6   | Noticed a five-headed hydra
 17379 | Lair:5   | Killed a five-headed hydra
 17677 | Lair:6   | Reached XP level 13. HP: 68/104 MP: 17/17
 18698 | Lair:6   | Identified the Volume of Blistering Enchantment
 18703 | Lair:6   | Found a runed translucent door.
 18768 | Lair:6   | Paralysed by a hornet for 1 turns
 18797 | Lair:6   | Paralysed by a hornet for 3 turns
 18798 | Lair:6   | Reached skill level 10 in Armour
 18798 | Lair:6   | Reached skill level 5 in Dodging
 18820 | Lair:6   | Paralysed by a hornet for 1 turns
 18826 | Lair:6   | Paralysed by a hornet for 1 turns
 18845 | Lair:6   | Reached skill level 10 in Shields
 19510 | Lair:6   | Paralysed by a hornet for 2 turns
 20212 | Lair:6   | HP: 2/105 [poisoned by a swamp dragon (poison gas)]
 20213 | Lair:6   | Engulfed by a swamp dragon's poison gas

Levels and vault maps discovered:
D:1:      dpeg_arrival_connections, layout_loops_corners, serial_rivers,
          chequers_serial_rivers_marsh, chequers_serial_rivers_micro_b,
          chequers_serial_rivers_small_b, chequers_serial_rivers_micro_c,
          chequers_serial_rivers_micro_c, chequers_serial_rivers_room_b
D:2:      layout_basic, zin_treasury
D:3:      layout_rooms, serial_glass, glass_columns_b, glass_columns_a
D:4:      layout_loops_ring, eat_drink_and_be_merry_uskayaw, first_ration,
          feat_on_display, uniq_robin, uniq_ijyb, uniq_pikel
D:5:      layout_loops_ring
D:6:      minmay_chambers_of_threes, layout_loops_corners,
          regret_index_temple_of_mockery, nemelex_xobeh_ov_fountains_minmay,
          portal_sewer_entry_e, minmay_checkerbox
D:7:      layout_basic, nicolae_qazlal_eye_of_the_storm,
          minmay_temple_entry_hall
D:8:      minmay_the_grid_octo_tiled_squarecenter
          [minmay_the_grid_octo_odd_swirl, minmay_the_grid_octo_horde,
          minmay_the_grid_octo_focus, minmay_the_grid_octo_clover,
          minmay_the_grid_square_5x5_megaprize_hollow,
          minmay_the_grid_square_5x5_three,
          minmay_the_grid_square_5x5_broken_cross,
          minmay_the_grid_square_5x5_seven,
          minmay_the_grid_square_5x5_six_small], layout_cave_pods,
          grunt_dithmenos_smoke_and_mirrors, lair_entry_dummy, basic_altar
Temple:   cyrus_temple_forest
Lair:1:   layout_regular_city
Lair:2:   layout_cave_pods, palyth_hydra_swamp_entry,
          ebering_ghost_reflecting_pool
Lair:3:   layout_regular_city, gauntlet_entry_generic, basic_altar,
          kennysheep_abandoned_house
Lair:4:   layout_cave_pods, minmay_snake_entry_guardpost_medium,
          serial_bayou_shore_b
Lair:5:   layout_roguey, slime_altar_2, infiniplex_staircase_pool_2
Lair:6:   wormcave, layout_misc_corridors, guppyfry_lair_end_dragon,
          portal_ice_cave_entry_imps, serial_bayou_shore_a,
          serial_bayou_shore_b, grunt_megastairs_5

Skill      XL: |  1  2  3  4  5  6  7  8  9 10 11 12 13 |
---------------+----------------------------------------+-----
Long Blades    | 2 3 5 7 8 9 10 11 | 11.9
Armour         | 3 4 5 6 7 8 9 10 | 10.1
Shields        | 3 4 5 6 7 8 9 10 | 10.1
Fighting       | 4 5 6 7 8 9 10 | 10.8
Invocations    | 2 4 5 6 |  6.0
Dodging        | 2 4 5 |  5.3

Action                   |  1- 3 |  4- 6 |  7- 9 | 10-12 | 13-15 || total
-------------------------+-------+-------+-------+-------+-------++-------
Melee: Long sword        |   148 |   104 |   383 |   906 |   351 ||  1892
       Headbutt          |       |       |    37 |   210 |    97 ||   344
Throw: Throwing net      |       |       |       |     3 |       ||     3
       Javelin           |       |       |       |     4 |       ||     4
Invok: Minor Destruction |       |       |       |     2 |     1 ||     3
       Lesser Servant of |       |       |       |     1 |     2 ||     3
       Major Destruction |       |       |       |     1 |     2 ||     3
Evoke: Wand              |     1 |     4 |    10 |    75 |    14 ||   104
  Use: Scroll            |       |    11 |     8 |    18 |     2 ||    39
       Potion            |       |       |       |    12 |     7 ||    19
 Stab: Paralysed         |       |       |       |    10 |       ||    10
       Distracted        |       |       |       |       |     1 ||     1
       Confused          |       |       |       |       |     1 ||     1
  Eat: Chunk             |     2 |     3 |    36 |    22 |     3 ||    66
       Ration            |     1 |       |       |     1 |     2 ||     4
Armor: Scale mail        |    59 |     8 |       |       |       ||    67
       Plate armour      |       |    29 |   181 |   247 |    64 ||   521
       Skin              |       |       |       |    55 |       ||    55
       Ice dragon scales |       |       |       |       |     1 ||     1
Dodge: Dodged            |    34 |    18 |    62 |   160 |    66 ||   340
Block: Shield            |    76 |    55 |   174 |   610 |   208 ||  1123
       Reflection        |       |       |       |    10 |     2 ||    12
       Rpst.: Long sword |     9 |     3 |    18 |    38 |    10 ||    78
